 Dungeon Crawl Stone Soup version 0.25-a0-1126-g5fd7b56c60 (webtiles) character file.

Game seed: 5953388916974830785, levelgen mode: deterministic

1864 RedPan the Grappler (level 9, -2/70 HPs)
             Began as a Ghoul Monk on May 19, 2020.
             Was a Priest of Makhleb.
             Slain by a worker ant (6 damage)
             ... on level 7 of the Dungeon.
             The game lasted 00:11:06 (6285 turns).

RedPan the Grappler (Ghoul Monk)                    Turns: 6285, Time: 00:11:07

Health: -2/70      AC:  6    Str: 16    XL:     9   Next: 13%
Magic:  12/12      EV: 14    Int:  5    God:    Makhleb [***...]
Gold:   355        SH:  0    Dex: 13    Spells: 8/8 levels left

rFire    + . .     SeeInvis +     - Unarmed
rCold    + . .     Gourm    .   (no shield)
rNeg     + + +     Faith    .   D - +1 leather armour {rN+}
rPois    ∞         Spirit   .   (no helmet)
rElec    .         Reflect  .   w - scarf {repulsion}
rCorr    .         Harm     .   (no gloves)
MR       .....                  e - +1 pair of boots
Stlth    ++........             r - amulet of the acrobat
HPRegen  0.00/turn              d - ring of protection from fire
MPRegen  0.13/turn              l - ring of see invisible

@: rotting, hasted, repel missiles, very quick
A: rotting body, claws 1, carnivore, cold resistance 1, negative energy
resistance 3, inhibited regeneration, torment resistance, unbreathing
a: Minor Destruction, Lesser Servant of Makhleb, Renounce Religion


You were on level 7 of the Dungeon.
You worshipped Makhleb.
Makhleb was most pleased with you.
You were hungry.

You visited 2 branches of the dungeon, and saw 8 of its levels.

You collected 355 gold pieces.

Inventory:

Hand Weapons
 p - the +4 flail of Breach {vorpal, *Drain +Rage Str+5}
   (You found it on level 4 of the Dungeon)

   It inflicts extra damage upon your enemies.
   It affects your strength (+5).
   It lets you go berserk.
   It causes draining when unequipped.
Missiles
 k - 5 javelins (quivered)
Armour
 e - a +1 pair of boots (worn)
 w - a scarf of repulsion (worn)
 D - a +1 leather armour of positive energy (worn)
Jewellery
 d - a ring of protection from fire (left claw)
 l - a ring of see invisible (right claw)
 r - an amulet of the acrobat (around neck)
Wands
 a - a wand of paralysis (6)
 q - a wand of acid (6)
 x - a wand of polymorph (9)
 C - a wand of flame (11)
Scrolls
 c - 3 scrolls of teleportation
 g - 5 scrolls of remove curse
 n - 4 scrolls of amnesia
Potions
 f - 3 potions of curing
 i - a potion of magic
 o - a potion of cancellation
 s - a potion of might
 t - 3 potions of brilliance
 u - a potion of flight {unknown}
 v - a potion of ambrosia {unknown}
Comestibles
 b - 10 rations


   Skills:
 - Level 3.4 Fighting
 + Level 5.5 Dodging
 - Level 2.4 Stealth
 + Level 9.0 Unarmed Combat
 + Level 5.9 Invocations
 - Level 3.1 Evocations


You had 8 spell levels left.
You didn't know any spells.
Your spell library contained the following spells:

 Spells                   Type           Power        Failure   Level  Hunger
 Confusing Touch          Hex            #.......     89%         3    ####...
 Gell's Gravitas          Tloc           #.........   89%         3    ####...
 Petrify                  Tmut/Erth      #.......     100%        4    #####..
 Metabolic Englaciation   Hex/Ice        #.........   100%        5    ######.
 Yara's Violent Unravell  Hex/Tmut       #.........   100%        5    ######.


Dungeon Overview and Level Annotations

Branches:
Dungeon (7/15)             Temple (1/1) D:4

Altars:
Ashenzari
Cheibriados
Fedhas
Gozag
Hepliaklqana
Kikubaaqudgha
Makhleb
Nemelex Xobeh
Okawaru
Qazlal
Ru
Sif Muna
Trog
Uskayaw
Vehumet
Wu Jian
Xom
Yredelemnul
Zin
The Shining One

Shops:
D:4 %


Innate Abilities, Weirdness & Mutations

Your body is rotting away.
You thrive on raw meat.
You are immune to poison.
You have sharp fingernails.
You are carnivorous and can eat meat at any time.
Your flesh is cold resistant. (rC+)
You are immune to negative energy. (rN+++)
You do not regenerate when monsters are visible.
You are immune to unholy pain and torment.
You can survive without breathing.


Message History

You barely miss the hound. Your claw misses the hound.
The hound is almost dead.
The hound misses you.
You barely miss the hound.
The hound is almost dead.
You claw the hound!
You kill the hound!
Makhleb accepts your kill.
You scratch the worker ant but do no damage.
The worker ant bites you.
* * * LOW HITPOINT WARNING * * *
You barely miss the worker ant. You closely miss the worker ant.
The worker ant bites you but does no damage.
You closely miss the worker ant. The worker ant misses you.
You barely miss the worker ant. You scratch the worker ant.
The worker ant is lightly wounded.
The worker ant bites you.
You die...

Z# .. .# #.
a# #
#.####.##)#
#.........#
#Z..#
#.####
#Ka@.#
####.#
#.)..# ..#
#.#### #.#
#.#.### #.#
#.....# #.#
#####.# #.#
#.# #.# #.#
#.#######


You could see a worker ant and a kobold.

Vanquished Creatures
  Prince Ribbit (D:5)
  Eustachio (D:6)
  Edmund (D:5)
  2 sky beasts (D:6)
  2 ice beasts (D:7)
  A centaur (D:6)
  A bullfrog (D:5)
  A scorpion (D:4)
  3 crimson imps
  4 hounds
  An orc priest (D:6)
  4 orc wizards
  4 bullfrog skeletons
  Jessica (D:2)
  2 iguanas
  3 worker ants
  A worker ant zombie (D:5)
  2 howler monkey zombies (D:6)
  7 adders
  2 shadow imps (D:6)
  A worm (D:4)
  3 dart slugs
  A leopard gecko (D:1)
  10 orcs
  5 giant cockroaches
  4 goblins
  7 hobgoblins
  12 jackals
  2 quokkas (D:2)
  A ball python (D:4)
  A ball python zombie (D:5)
  9 bats
  9 frilled lizards
  A jackal zombie (D:5)
  4 kobolds
  A leopard gecko skeleton (D:4)
  A leopard gecko zombie (D:7)
  A quokka skeleton (D:4)
  7 rats
124 creatures vanquished.

Vanquished Creatures (others)
  The ghost of temitten the Sneak, a weakling FeAE (D:3)
  A withered plant (D:3)
2 creatures vanquished.

Grand Total: 126 creatures vanquished

Notes
Turn   | Place    | Note
-------+----------+-------------------------------------------
     0 | D:1      | RedPan the Ghoul Monk began the quest for the Orb.
     0 | D:1      | Reached XP level 1. HP: 19/19 MP: 0/0
   126 | D:1      | Reached XP level 2. HP: 24/26 MP: 1/1
   580 | D:2      | Found an ornate altar of the Wu Jian Council.
   581 | D:2      | Reached skill level 4 in Unarmed Combat
   581 | D:2      | Reached XP level 3. HP: 31/31 MP: 2/2
  1110 | D:2      | Noticed Jessica
  1117 | D:2      | Killed Jessica
  1117 | D:2      | Reached skill level 5 in Unarmed Combat
  1117 | D:2      | Reached XP level 4. HP: 38/38 MP: 3/3
  1748 | D:3      | Reached skill level 1 in Evocations
  1748 | D:3      | Reached XP level 5. HP: 45/45 MP: 4/4
  1796 | D:3      | Found a runed translucent door.
  1799 | D:3      | Noticed temitten's ghost (weakling FeAE)
  2292 | D:3      | Killed temitten's ghost
  2375 | D:4      | Found Seopt's Food Shoppe.
  2416 | D:4      | Got a jewelled flail
  2417 | D:4      | Identified the +4 flail of Breach {vorpal, *Drain +Rage
                  | Str+5} (You found it on level 4 of the Dungeon)
  2503 | D:4      | Found a sparkling altar of Nemelex Xobeh.
  2506 | D:4      | Found a glowing golden altar of the Shining One.
  2633 | D:4      | Reached skill level 6 in Unarmed Combat
  2633 | D:4      | Reached XP level 6. HP: 43/51 MP: 6/6
  2885 | D:4      | Found a staircase to the Ecumenical Temple.
  2920 | Temple   | Entered the Ecumenical Temple
  3068 | Temple   | Became a worshipper of Makhleb the Destroyer
  3068 | Temple   | Reached * piety under Makhleb
  3068 | Temple   | Reached ** piety under Makhleb
  3346 | D:5      | Entered Level 5 of the Dungeon
  3543 | D:5      | Reached skill level 1 in Invocations
  3543 | D:5      | Reached XP level 7. HP: 57/57 MP: 8/8
  3660 | D:5      | Reached skill level 7 in Unarmed Combat
  3835 | D:5      | Noticed Edmund
  3842 | D:5      | Killed Edmund
  4232 | D:5      | Noticed Prince Ribbit
  4507 | D:5      | Killed Prince Ribbit
  4507 | D:5      | Reached XP level 8. HP: 19/63 MP: 9/9
  4911 | D:6      | Noticed Eustachio
  4961 | D:6      | Killed Eustachio
  4961 | D:6      | Reached skill level 8 in Unarmed Combat
  5306 | D:6      | Found a hide-covered altar of Uskayaw.
  5382 | D:6      | Reached skill level 5 in Invocations
  5682 | D:6      | Reached skill level 5 in Dodging
  6253 | D:7      | Reached XP level 9. HP: 38/69 MP: 12/12
  6264 | D:7      | Reached *** piety under Makhleb
  6264 | D:7      | Reached skill level 9 in Unarmed Combat
  6285 | D:7      | Slain by a worker ant

Illustrated notes

Levels and vault maps discovered:
D:1:      dpeg_arrival_orchard, layout_basic
D:2:      layout_basic, overflow_temple_1_default, first_ration, serial_bayou,
          serial_bayou_shore_a, serial_bayou_ford_a, serial_bayou_pond_a,
          serial_bayou_shore_b, serial_bayou_pond_a, serial_bayou_lagoon_a,
          kennysheep_jessica_study
D:3:      layout_loops_ring, gammafunk_ghost_grave
D:4:      layout_rooms, minitemple, minmay_temple_entry_ruins, serial_shops,
          shop
D:5:      layout_gridville, uniq_edmund, uniq_prince_ribbit1
D:6:      kennysheep_six_static_rooms, layout_basic, kennysheep_mini_moat,
          uniq_eustachio
D:7:      layout_loops_ring
Temple:   regret_index_temple_sphere_string

Skill      XL: |  1  2  3  4  5  6  7  8  9 |
---------------+----------------------------+-----
Dodging        | 3 5 |  5.5
Unarmed Combat | 4 5 6 7 8 9 |  9.0
Evocations     | 1 2 3 |  3.1
Invocations    | 1 3 5 |  5.9
Fighting       | |  3.4
Stealth        | |  2.4

Action                   |  1- 3 |  4- 6 |  7- 9 || total
-------------------------+-------+-------+-------++-------
Melee: Unarmed           |    51 |    51 |   254 ||   356
       Whip              |    58 |    34 |       ||    92
       Punch             |       |     3 |    11 ||    14
       Flail             |       |    74 |       ||    74
Invok: Minor Destruction |       |       |     8 ||     8
Evoke: Wand              |       |       |     5 ||     5
  Use: Scroll            |     4 |     6 |     9 ||    19
       Potion            |       |       |     3 ||     3
 Stab: Sleeping          |     6 |     8 |     2 ||    16
  Eat: Chunk             |     1 |     9 |     7 ||    17
Armor: Robe              |    28 |    44 |    22 ||    94
       Leather armour    |       |       |    35 ||    35
Dodge: Dodged            |    86 |   107 |   157 ||   350
       Repelled          |       |       |     1 ||     1

Table legend:
 A = Non-vault XP
 B = Vault XP
 C = Vault XP percentage of total XP
 D = Non-vault monster count
 E = Vault monster count
 F = Vault count percentage of total count
                 A         B        C        D         E       F
            +---------+---------+-------+---------+---------+-------
      Total |    1787 |     877 |  32.9 |     114 |      11 |   8.8
            +---------+---------+-------+---------+---------+-------
        D:1 |      33 |       0 |   0.0 |      19 |       0 |   0.0
        D:2 |      36 |      39 |  52.0 |      15 |       2 |  11.8
        D:3 |     104 |      37 |  26.2 |      23 |       1 |   4.2
        D:4 |     267 |       0 |   0.0 |      15 |       0 |   0.0
        D:5 |     506 |     434 |  46.2 |      23 |       2 |   8.0
        D:6 |     505 |     367 |  42.1 |      14 |       6 |  30.0
        D:7 |     336 |       0 |   0.0 |       5 |       0 |   0.0
            +---------+---------+-------+---------+---------+-------
